 Dungeon Crawl Stone Soup version 0.30.1-11-g7821555f0a (webtiles) character file.

Game seed: 6892958895262684510

88 KittyFluff the Trooper (level 4, -4/29 HPs)
             Began as a Gargoyle Berserker on Nov 8, 2023.
             Was a Believer of Trog.
             Slain by a worm (7 damage)
             ... on level 2 of the Dungeon.
             The game lasted 00:04:20 (1097 turns).

KittyFluff the Trooper (Gargoyle Berserker)         Turns: 1097, Time: 00:04:21

Health: -4/29      AC:  9    Str: 23    XL:     4   Next: 54%
Magic:  4/4        EV: 12    Int:  7    God:    Trog [**....]
Gold:   96         SH:  0    Dex:  9    Spells: 3/3 levels left

rFire   . . .        a - +0 mace
rCold   . . .        (no shield)
rNeg    + . .        b - +0 animal skin
rPois   ∞            j - +2 helmet
rElec   +            (no cloak)
rCorr   .            (no gloves)
SInv    .            (no boots)
Will    .....        (no amulet)
Stlth   +            (no ring)
HPRegen 0.24/turn    (no ring)
MPRegen 0.09/turn

%: no passive effects
@: on berserk cooldown, slowed, very slow
A: sickness immunity, AC +3, negative energy resistance 1, electricity
resistance, torment resistance 1, petrification resistance
a: Renounce Religion, Berserk, Trog's Hand


You were on level 2 of the Dungeon.
You worshipped Trog.
Trog was pleased with you.
You visited 1 branch of the dungeon, and saw 2 of its levels.

You collected 96 gold pieces.

Inventory:

Hand Weapons
 a - a +0 mace (weapon)
Armour
 b - a +0 animal skin (worn)
 j - a +2 helmet (worn)
Scrolls
 d - a scroll of identify {unknown}
 f - a scroll of enchant armour {unknown}
 g - 2 scrolls of teleportation {unknown}
 h - a scroll of noise {unknown}
Potions
 c - a potion of curing {unknown}
 e - 2 potions of attraction {unknown}


   Skills:
 + Level 3.9 Fighting
 * Level 3.6 Maces & Flails
 * Level 3.2 Armour
 + Level 2.0 Dodging
 + Level 1.2 Stealth


You had 3 spell levels left.
You didn't know any spells.
Your spell library was empty.

Dungeon Overview and Level Annotations

Branches:
Dungeon (2/15)

Altars:


Innate Abilities, Weirdness & Mutations

You are immune to sickness and miasma.
Your stone body is resilient. (AC +3)
You are immune to poison.
You resist negative energy. (rN+)
You are resistant to electric shocks. (rElec)
You are resistant to unholy torment.
You are immune to petrification.


Message History

You kill the jackal!
Trog accepts your kill.
You sock the endoplasm!
You kill the endoplasm!
Trog accepts your kill. The jackal closely misses you.
Items here: ) [ †††.
You barely miss the jackal.
The jackal bites you but does no damage.
You sock the jackal!
You kill the jackal!
Trog accepts your kill.
You sock the frilled lizard!
You kill the frilled lizard!
Trog accepts your kill.
You miss the jackal. You thump the jackal!
You kill the jackal!
Trog accepts your kill.
You are no longer berserk.
You are exhausted.
You feel yourself slow down. The worm bites you but does no damage.
You see here a frilled lizard corpse.
You barely miss the worm. The worm bites you.
* * * LOW HITPOINT WARNING * * *
You hit the worm.
The worm is lightly wounded.
The worm bites you but does no damage.
You hit the worm.
The worm is lightly wounded.
The worm bites you.
* * * LOW HITPOINT WARNING * * *
You hit the worm.
The worm is heavily wounded.
The worm barely misses you.
You sock the worm!
The worm is severely wounded.
The worm bites you!
You die...

##...# ###..
###.##.....
#......#
#.#.####
####...#####
...........## .
##########..##
...
##..######.....
##...)@w...(..
############.


You could see a worm.

Vanquished Creatures
  Terence (D:2)
  An adder (D:2)
  A worm (D:2)
  A dart slug (D:1)
  5 bats
  4 endoplasms
  A giant cockroach (D:1)
  6 goblins
  6 hobgoblins
  4 jackals (D:2)
  A quokka (D:1)
  A ball python (D:1)
  7 frilled lizards
  4 kobolds
  5 rats (D:1)
48 creatures vanquished.

Notes
Turn   | Place    | Note
-------+----------+-------------------------------------------
     0 | D:1      | KittyFluff the Gargoyle Berserker began the quest for the
                  | Orb.
     0 | D:1      | Reached XP level 1. HP: 14/14 MP: 1/1
   186 | D:1      | Reached XP level 2. HP: 17/19 MP: 2/2
   360 | D:1      | Reached ** piety under Trog
   361 | D:1      | Reached XP level 3. HP: 23/23 MP: 3/3
  1068 | D:2      | Noticed Terence
  1082 | D:2      | Killed Terence
  1083 | D:2      | Reached skill level 1 in Stealth
  1083 | D:2      | Reached XP level 4. HP: 12/29 MP: 4/4
  1097 | D:2      | Slain by a worm

Illustrated notes

Levels and vault maps discovered:
D:1:      dpeg_arrival_rooms_b, layout_basic
D:2:      layout_rooms, dilly_ecumenical_altar_fadedgnrine,
          kennysheep_generic_room_15, uniq_terence

Skill      XL: |  1  2  3 |
---------------+----------+-----
Armour         | 3 |  3.2
Dodging        | 2 |  2.0
Stealth        | 1 |  1.2
Fighting       | |  3.9
Maces & Flails | |  3.6

Action                     |  1- 3 |  4- 6 || total
---------------------------+-------+-------++-------
  Melee: Mace              |   123 |    13 ||   136
  Throw: Javelin           |     2 |       ||     2
 Invoke: Berserk           |     1 |       ||     1
   Stab: Sleeping          |     1 |       ||     1
 Armour: Animal skin       |    31 |     3 ||    34
  Dodge: Dodged            |    86 |     2 ||    88
